 Dungeon Crawl Stone Soup version 0.13-a0-2417-g818e1a6 (webtiles) character file.

914 JogiH the Magician (level 7, -5/69 HPs)
             Began as a Djinni Wizard on July 16, 2013.
             Was an Initiate of Sif Muna.
             Slain by a centaur (9 damage)
             ... on Level 6 of the Dungeon.
             The game lasted 00:29:16 (8752 turns).

JogiH the Magician (Djinni Wizard)                  Turns: 8752, Time: 00:29:16

HP  -5/69        AC  5     Str  8      XL: 7   Next: 24%
MP   0/0         EV 12     Int 25      God: Sif Muna [......]
Gold 284         SH  0     Dex 11      Spells:  8 memorised,  0 levels left

Res.Fire  : + + +   See Invis. : .   G - staff of wizardry
Res.Cold  : . . .   Warding    : +   a - +0 robe
Life Prot.: + + +   Conserve   : .   (no shield)
Res.Poison: .       Res.Corr.  : .   M - +3 hat of Pondering {ponderous, MR+ MP+10 Res.Elec. : . Clarity : . (no cloak)
Sust.Abil.: . .     Spirit.Shd : .   (no gloves)
Res.Mut.  : .       Stasis     : .   (boots unavailable)
Res.Rott. : .       Flight     : .   d - amulet of warding
Saprovore : . . .                    (no ring)
                                     K - ring of protection from cold

@: slow, somewhat resistant to hostile enchantments, unstealthy
A: no striking features
a: Renounce Religion


You were on level 6 of the Dungeon.
You worshipped Sif Muna.
Sif Muna was noncommittal.
You were not hungry.

You visited 2 branches of the dungeon, and saw 7 of its levels.

You collected 264 gold pieces.

Inventory:

Hand weapons
 f - a +1,+2 dagger of holy wrath (quivered)
 s - a +1,+2 dagger of venom
 y - a -1,+3 orcish hand axe
 z - a -1,+2 orcish hammer of holy wrath
Armour
 a - a +0 robe (worn)
 b - a +0 wizard hat
 x - a +0 dwarven helmet
 I - a +0 plumed helmet
 M - the +3 hat of Pondering (worn) {ponderous, MR+ MP+10 Int+5}
   (You found it on level 5 of the Dungeon)

   It affects your intelligence (+5).
   It affects your resistance to hostile enchantments.
   It affects your magic capacity (+10).
Magical devices
 C - a wand of draining (3) {unknown}
Scrolls
 g - 3 scrolls of identify
 h - 3 scrolls of remove curse
 i - 2 scrolls of curse jewellery {unknown}
 k - 5 scrolls of teleportation
 n - a scroll of noise {unknown}
 o - a scroll of enchant armour {unknown}
 p - 2 scrolls of magic mapping {unknown}
 r - a scroll of curse armour {unknown}
 u - 2 scrolls of recharging {unknown}
 B - a scroll of fog {unknown}
 F - a scroll of enchant weapon II {unknown}
 H - a scroll of curse weapon {unknown}
 N - a scroll of fear {unknown}
Jewellery
 d - an amulet of warding (around neck)
 j - an uncursed amulet of the gourmand
 K - a ring of protection from cold (left hand)
Potions
 e - a potion of heal wounds {unknown}
 l - a potion of flight {unknown}
 m - a potion of restore abilities
 q - a potion of agility {unknown}
 t - a potion of curing
 v - 2 potions of paralysis {unknown}
 w - a potion of might {unknown}
 A - a potion of poison {unknown}
 J - 2 potions of brilliance {unknown}
Books
 c - a book of Minor Magic

   Spells                             Type                      Level
   *Magic Dart                        Conjuration                  1
   *Blink                             Translocation                2
   *Call Imp                          Summoning                    2
   *Repel Missiles                    Charms/Air                   2
   *Slow                              Hexes                        2
   *Conjure Flame                     Conjuration/Fire             3
   *Mephitic Cloud                    Conjuration/Poison/Air       3
 E - a book of Changes

   Spells                             Type                      Level
   Beastly Appendage                  Transmutation                1
   Sticks to Snakes                   Transmutation                2
   *Spider Form                       Transmutation/Poison         3
   Ice Form                           Ice/Transmutation            4
   Blade Hands                        Transmutation                5
 L - a book of War Chants

   Spells                             Type                      Level
   Fire Brand                         Charms/Fire                  2
   Freezing Aura                      Charms/Ice                   2
   Shroud of Golubria                 Charms/Translocation         2
   *Repel Missiles                    Charms/Air                   2
   Poison Weapon                      Charms/Poison                3
   Regeneration                       Charms/Necromancy            3
Magical staves
 G - an uncursed staff of wizardry (weapon)
Rods
 D - a +0 rod of the swarm (13/13)
   (You found it on level 5 of the Dungeon)


   Skills:
 * Level 1.0 Fighting
 * Level 1.9 Staves
 - Level 1.7 Dodging
 - Level 1.5 Stealth
 + Level 6.3 Spellcasting
 * Level 5.2 Conjurations
 - Level 2.0 Summonings
 - Level 2.1 Translocations
 * Level 0.8 Transmutations
 - Level 0.3 Fire Magic


You couldn't memorise any spells.
You knew the following spells:

 Your Spells              Type           Power        Failure   Level  Hunger
a - Magic Dart            Conj           ####         1%          1    None
b - Blink                 Tloc           N/A          2%          2    None
c - Call Imp              Summ           ###.......   2%          2    None
d - Conjure Flame         Conj/Fire      ###.....     3%          3    #......
e - Mephitic Cloud        Conj/Pois/Air  ###.....     4%          3    #......
f - Repel Missiles        Chrm/Air       #.........   4%          2    None
g - Slow                  Hex            #.......     4%          2    None
h - Spider Form           Trmt/Pois      #.........   7%          3    #......


Dungeon Overview and Level Annotations

Branches:
Dungeon (6/27)             Temple (1/1) D:5
    Orc: D:6-11

Altars:
Ashenzari
Cheibriados
Elyvilon
Fedhas
Makhleb
Nemelex Xobeh
Okawaru
Sif Muna
Trog
Vehumet
Xom
Zin
the Shining One

Shops:
D:5: +


Message History

Drink which item? (? for menu, Esc to quit)
You feel better.
It was a potion of curing.
The centaur closely misses you. The water moccasin misses you.
Your crimson imp blinks!
The wight closely misses you. The centaur closely misses you.
The water moccasin completely misses you.
The centaur hits you!
* * * LOW HITPOINT WARNING * * *
What do you say? t - Shout!
Orders for allies: a - Attack new target. r - Retreat! s - Stop attacking. w - Wait here. f - Follow me.
Anything else - Stay silent.
Okay, then.
Casting: Blink
Confirm with . or Enter, or press ? or * to list all spells.
You blink.
The centaur hits you!
You die...

#..................#
#..................#
#.........z.........#
#....................
#........z.....).....
#....................
#...................
#....cS............
#....@............
#..............
#..............
#..............
#.>..<.........
#....[........
#.............
#.........>...
#............


You could see a water moccasin, a centaur and 2 wights.

Vanquished Creatures
  A phantom (D:4)
  An ogre (D:4)
  2 crimson imps (D:5)
  2 hounds
  2 orc priests (D:5)
  2 worker ants (D:5)
  An orc wizard (D:4)
  A gnoll (D:3)
  2 adders
  2 giant mites
  An iguana skeleton (D:4)
  A giant gecko (D:4)
  5 orcs
  13 bats
  4 giant cockroaches
  11 hobgoblins
  6 jackals (D:5)
  7 kobolds
  4 giant newts
  10 goblins
  A kobold zombie (D:5)
  11 rats
  A rat skeleton (D:6)
91 creatures vanquished.

Vanquished Creatures (collateral kills)
  2 orc wizards
  Terence (D:2)
  A worm (D:3)
  2 giant eyeballs (D:4)
  8 orcs (D:3)
  A bat (D:1)
  A giant cockroach (D:1)
  4 hobgoblins
  3 goblins
  3 kobolds
  A rat (D:1)
27 creatures vanquished.

Vanquished Creatures (others)
  A crimson imp (D:6)
  A hound (D:5)
  An adder (D:5)
  3 shadow imps
  A white imp (D:6)
  A hobgoblin (D:5)
  A ball python (D:2)
  A giant newt (D:3)
  A goblin zombie (D:5)
  A rat (D:3)
12 creatures vanquished.

Grand Total: 130 creatures vanquished

Notes
Turn   | Place    | Note
--------------------------------------------------------------
     0 | D:1      | JogiH, the Djinni Wizard, began the quest for the Orb.
     0 | D:1      | Reached XP level 1. HP: 14/14 MP: 0/0
   280 | D:1      | Reached skill level 4 in Spellcasting
   337 | D:1      | Reached XP level 2. EP: 19/23
   371 | D:1      | Learned a level 2 spell: Blink
   374 | D:1      | Learned a level 2 spell: Call Imp
  1381 | D:1      | Reached XP level 3. EP: 21/29
  2405 | D:2      | Noticed Terence
  2440 | D:2      | Killed Terence
  2746 | D:3      | Reached XP level 4. EP: 24/37
  2924 | D:3      | Reached skill level 5 in Spellcasting
  3154 | D:3      | Noticed a moth of wrath
  3157 | D:3      | Found a bloodstained altar of Trog.
  4243 | D:4      | Found a glowing golden altar of the Shining One.
  4312 | D:5      | Entered Level 5 of the Dungeon
  4446 | D:4      | Reached XP level 5. EP: 41/44
  4474 | D:4      | Learned a level 3 spell: Conjure Flame
  4478 | D:4      | Learned a level 3 spell: Mephitic Cloud
  4481 | D:4      | Learned a level 2 spell: Repel Missiles
  4484 | D:4      | Learned a level 2 spell: Slow
  4629 | D:4      | Paralysed by a giant eyeball for 2 turns
  5113 | D:4      | Noticed an ogre
  5131 | D:4      | Killed an ogre
  5194 | D:4      | Noticed a phantom
  5201 | D:4      | Killed a phantom
  5201 | D:4      | Reached skill level 6 in Spellcasting
  5201 | D:4      | Reached XP level 6. EP: 25/53
  5524 | D:4      | Paralysed by a giant eyeball for 2 turns
  6579 | D:5      | Found Motaphya's Book Shoppe.
  7112 | D:5      | Reached skill level 1 in Staves
  7112 | D:5      | Reached XP level 7. EP: 51/59
  7427 | D:5      | Learned a level 3 spell: Spider Form
  7806 | D:5      | Found a staircase to the Ecumenical Temple.
  7816 | Temple   | Entered the Ecumenical Temple
  8021 | Temple   | Became a worshipper of Sif Muna the Loreminder
  8407 | D:5      | Reached skill level 5 in Conjurations
  8463 | D:5      | Reached skill level 1 in Fighting
  8742 | D:6      | HP: 3/69 [poisoned by a water moccasin]
  8752 | D:6      | Slain by a centaur

Action                   |  1- 3 |  4- 6 |  7- 9 || total
-------------------------+-------+-------+-------++-------
Melee: Dagger            |     7 |    14 |       ||    21
       Staff             |       |    10 |     5 ||    15
 Cast: Magic Dart        |   100 |   113 |    30 ||   243
       Call Imp          |    14 |    22 |     4 ||    40
       Conjure Flame     |       |    15 |     2 ||    17
       Mephitic Cloud    |       |     6 |     7 ||    13
       Blink             |       |       |     6 ||     6
       Repel Missiles    |       |       |     1 ||     1
  Use: Scroll            |       |       |     5 ||     5
       Potion            |       |       |     2 ||     2
